 Dungeon Crawl Stone Soup version 0.28-a0-845-gfc338a8e3c (webtiles) character file.

Game seed: 15215022412429022433

9460 Astera the Basher (level 11, -6/97 HPs)
             Began as a Minotaur Fighter on Nov 11, 2021.
             Was a High Priest of Okawaru.
             Killed from afar by an acid dragon (13 damage)
             ... with a splash of acid
             ... on level 10 of the Dungeon on Nov 13, 2021.
             The game lasted 00:32:43 (12304 turns).

Astera the Basher (Minotaur Fighter)               Turns: 12304, Time: 00:32:44

Health: -6/97      AC:  8    Str: 32    XL:     11   Next: 23%
Magic:  10/10      EV: 12    Int:  5    God:    Okawaru [*****.]
Gold:   500        SH: 11    Dex: 11    Spells: 10/10 levels left

rFire   + . .      SeeInvis .   A - +2 flail (protect)
rCold   + . .      Faith    .   c - +0 buckler
rNeg    . . .      Spirit   .   B - +1 scale mail of Iruvyf {Str+6}
rPois   +          Reflect  +   y - +2 hat
rElec   .          Harm     .   h - scarf {rC+ rF+}
rCorr   .          Rampage  .   Q - +2 pair of gloves {Str+3}
Will    .....                   i - +0 pair of boots
Stlth   +.........              e - amulet of reflection
HPRegen 0.26/turn               P - ring of poison resistance
MPRegen 0.12/turn               (no ring)

@: corroded
A: horns 2, retaliatory headbutt
a: Renounce Religion, Heroism, Finesse, Duel


You were on level 10 of the Dungeon.
You worshipped Okawaru.
Okawaru was extremely pleased with you.
You visited 2 branches of the dungeon, and saw 11 of its levels.
You visited the Abyss 1 time.

You collected 632 gold pieces.
You spent 132 gold pieces at shops.

Inventory:

Hand Weapons
 a - a +0 flail
 A - a +2 flail of protection (weapon)
 O - a +0 whip of freezing
Missiles
 H - a throwing net (quivered)
 J - 6 curare-tipped darts
 M - 5 atropa-tipped darts
Armour
 c - a +0 buckler (worn)
 g - a +0 plate armour
 h - a scarf of resistance (worn)
 i - a +0 pair of boots (worn)
 r - a +0 cloak
 y - a +2 hat (worn)
 B - the +1 scale mail of Iruvyf (worn) {Str+6}
   (You found it on level 5 of the Dungeon)

   Str:       It affects your strength (+6).
 F - a +0 kite shield
 Q - a +2 pair of gloves of strength (worn)
 S - +0 acid dragon scales
Jewellery
 e - an amulet of reflection (around neck)
 v - an amulet of guardian spirit
 C - a ring of ice
 K - a ring of magical power
 P - a ring of poison resistance (left hand)
Wands
 q - a wand of flame (28)
 z - a wand of acid (9)
 N - a wand of paralysis (8)
Scrolls
 b - 2 scrolls of enchant weapon {unknown}
 f - 2 scrolls of fear {unknown}
 l - 3 scrolls of magic mapping {unknown}
 n - 2 scrolls of brand weapon {unknown}
 o - a scroll of enchant armour
 s - 4 scrolls of teleportation {unknown}
 u - 3 scrolls of torment
 w - 2 scrolls of fog {unknown}
 E - 2 scrolls of noise {unknown}
 G - 2 scrolls of identify
 L - a scroll of summoning {unknown}
 R - a scroll of immolation {unknown}
Potions
 d - 2 potions of might
 j - a potion of heal wounds
 k - 2 potions of haste
 m - a potion of magic {unknown}
 p - a potion of lignification {unknown}
 t - 3 potions of brilliance
 x - a potion of flight {unknown}
 D - a potion of mutation {unknown}
 I - 2 potions of curing


   Skills:
 + Level 9.1 Fighting
 + Level 12.8 Maces & Flails
 + Level 10.1 Armour
 + Level 5.4 Dodging
 + Level 2.7 Stealth
 + Level 9.5 Shields
 + Level 0.3 Invocations


You had 10 spell levels left.
You didn't know any spells.
Your spell library contained the following spells:

 Spells                   Type           Power      Damage    Failure   Level
 Apportation              Tloc           0%         N/A       67%         1
 Ensorcelled Hibernation  Hex/Ice        0%         N/A       80%         2
 Conjure Flame            Conj/Fire      0%         6-21      95%         3
 Dazzling Flash           Conj/Hex       0%         N/A       95%         3
 Frozen Ramparts          Ice            0%         1d2       95%         3
 Ignite Poison            Fire/Tmut/Pois 0%         N/A       95%         3
 Inner Flame              Hex/Fire       0%         N/A       95%         3
 Spider Form              Tmut/Pois      0%         N/A       95%         3
 Cause Fear               Hex            0%         N/A       100%        4
 Ice Form                 Ice/Tmut       0%         N/A       100%        4
 Petrify                  Tmut/Erth      0%         N/A       100%        4
 Sticky Flame             Conj/Fire      0%         2d3       100%        4
 Agony                    Necr           0%         N/A       100%        5
 Alistair's Intoxication  Tmut/Pois      0%         N/A       100%        5
 Metabolic Englaciation   Hex/Ice        0%         N/A       100%        5
 Silence                  Hex/Air        0%         N/A       100%        5
 Statue Form              Tmut/Erth      0%         N/A       100%        6
 Discord                  Hex            0%         N/A       100%        8
 Summon Ice Beast         Ice/Summ       Unusable   N/A       N/A         4

Dungeon Overview and Level Annotations

Branches:
Dungeon (10/15)            Temple (1/1) D:5
   Lair: D:8-11         Orc: D:9-12

Altars:
Ashenzari
Cheibriados
Elyvilon
Hepliaklqana
Kikubaaqudgha
Okawaru
Qazlal
Ru
Sif Muna
Vehumet
Wu Jian
Xom
Yredelemnul

Shops:
D:5 [

Annotations:
D:4 1 runed translucent door
D:10 1 runed translucent door, Snorg


Innate Abilities, Weirdness & Mutations

You have a pair of horns on your head.
You reflexively headbutt those who attack you in melee.


Message History

Erolcha is almost dead.
Erolcha casts a spell.
Erolcha blinks!
You closely miss Erolcha.
Erolcha is almost dead.
You sock Erolcha!
Erolcha is almost dead.
Erolcha closely misses you. You furiously retaliate!
You headbutt Erolcha!
You kill Erolcha!
Okawaru accepts your kill.
Things that are here:
a +1 spectral giant spiked club; a +2 robe; the ogre corpse of Erolcha HP restored.
You now have 497 gold pieces (gained 13).
Found 3 gold pieces.
You now have 500 gold pieces (gained 3).
An acid dragon comes into view.
The acid dragon spits acid at you. The splash of acid misses you.
The acid dragon spits acid at you. The splash of acid hits you!!
The acid corrodes you! The acid dragon spits acid at you.
The splash of acid hits you! The acid corrodes you!
You are no longer corroded.
The acid dragon spits acid at you. The splash of acid hits you!
The acid corrodes you!
You see here +0 acid dragon scales.
S - +0 acid dragon scales The acid dragon spits acid at you.
The splash of acid misses you. The acid dragon spits acid at you.
The splash of acid hits you!! The acid dragon spits acid at you.
The splash of acid hits you!!
* * * LOW HITPOINT WARNING * * *
The acid corrodes you!
There is a stone staircase leading up here.
The acid dragon spits acid at you. The splash of acid hits you!
You die...

#..........#
#.#
#..........#
#.#
#..........#
#.#
#..........#
#.#
#..........#
#.#
#..D.......#
#.#
#..........#
#.#
#..........#
#.#
#.@.[).....#
#.#
#..........#
#.#
############
###


You could see an acid dragon (catching breath).

Vanquished Creatures
  Erolcha (D:10)
  Erica (D:9)
  A two-headed ogre (D:9)
  Nergalle (D:10)
  Pikel (D:9)
  A large abomination (Abyss:2)
  Maurice (D:8)
  6 slime creatures
  A flying skull (Abyss:2)
  A wraith (D:9)
  Sigmund (D:5)
  A vampire (D:10)
  9 yaks
  A steam dragon (D:8)
  An acid dragon (D:10)
  A water moccasin (D:7)
  3 orc warriors
  4 necrophages
  3 centaurs (D:7)
  2 ogres
  2 phantoms
  3 bullfrogs
  2 gnoll sergeants (D:7)
  2 water moccasin skeletons
  4 killer bees (D:9)
  5 centaur zombies
  3 hounds
  4 jellies
  2 orc priests
  2 centaur skeletons
  6 iguanas
  Terence (D:2)
  3 orc wizards
  A howler monkey zombie (D:8)
  9 gnolls
  2 adders
  2 ufetubi
  2 adder skeletons (D:4)
  A worm (D:2)
  3 dart slugs
  21 orcs
  4 ball pythons
  4 endoplasms
  5 giant cockroaches
  6 goblins
  2 hobgoblins
  4 kobolds
  5 quokkas
  2 bats
  A kobold zombie (D:4)
  5 rats
159 creatures vanquished.

Vanquished Creatures (others)
  2 fungi (D:6)
2 creatures vanquished.

Grand Total: 161 creatures vanquished

Notes
Turn   | Place    | Note
-------+----------+-------------------------------------------
     0 | D:1      | Astera the Minotaur Fighter began the quest for the Orb.
     0 | D:1      | Reached XP level 1. HP: 19/19 MP: 0/0
   206 | D:1      | Reached XP level 2. HP: 15/27 MP: 1/1
   527 | D:1      | Found a faded altar of an unknown god.
   549 | D:1      | Prayed at the altar of an unknown god.
   549 | D:1      | Became a worshipper of Vehumet
   549 | D:1      | Reached * piety under Vehumet
   549 | D:1      | Offered knowledge of Freeze by Vehumet.
   552 | D:1      | Fell from the grace of Vehumet
  1413 | D:2      | Noticed Terence
  1523 | D:2      | Killed Terence
  1524 | D:2      | Reached skill level 3 in Maces & Flails
  1524 | D:2      | Reached XP level 3. HP: 29/33 MP: 2/2
  1904 | D:3      | Reached XP level 4. HP: 37/41 MP: 3/3
  1979 | D:3      | Reached skill level 4 in Maces & Flails
  2855 | D:3      | Reached XP level 5. HP: 34/47 MP: 4/4
  3092 | D:4      | Found a shimmering altar of Xom.
  3418 | D:4      | Reached skill level 5 in Armour
  3421 | D:4      | Reached skill level 1 in Dodging
  3421 | D:4      | Reached XP level 6. HP: 43/55 MP: 5/5
  3499 | D:4      | Found a runed translucent door.
  3499 | D:4      | Noticed a human
  3506 | D:4      | Found a basalt altar of Yredelemnul.
  3530 | D:4      | Found a broken altar of Ashenzari.
  3548 | D:4      | Reached skill level 5 in Maces & Flails
  3697 | D:4      | Found an ancient bone altar of Kikubaaqudgha.
  4397 | D:4      | Upgraded the game from 0.28-a0-834-g1a73be5ee4 to
                  | 0.28-a0-845-gfc338a8e3c
  4407 | D:5      | Entered Level 5 of the Dungeon
  4509 | D:5      | Reached skill level 5 in Fighting
  4835 | D:5      | Noticed Sigmund
  4870 | D:4      | Reached XP level 7. HP: 61/61 MP: 6/6
  4893 | D:4      | Was forgiven by Vehumet
  5028 | D:5      | Reached skill level 6 in Maces & Flails
  5078 | D:5      | Found a staircase to the Ecumenical Temple.
  5087 | Temple   | Entered the Ecumenical Temple
  5102 | Temple   | Became a worshipper of Warmaster Okawaru
  5174 | D:5      | Found Ucziox's Armour Shoppe.
  5177 | D:5      | Bought a +1 hat for 132 gold pieces
  5236 | D:5      | Reached skill level 5 in Shields
  5596 | D:5      | Identified the +1 scale mail of Iruvyf {Str+6}
  5857 | D:6      | Reached * piety under Okawaru
  5858 | D:6      | Reached skill level 7 in Maces & Flails
  5885 | D:6      | Reached XP level 8. HP: 66/69 MP: 7/7
  5979 | D:6      | Found a snail-covered altar of Cheibriados.
  5983 | D:6      | Found a white marble altar of Elyvilon.
  6368 | D:7      | Reached skill level 8 in Maces & Flails
  6619 | D:7      | Reached ** piety under Okawaru
  6892 | D:7      | Reached skill level 9 in Maces & Flails
  7085 | D:7      | Reached XP level 9. HP: 74/75 MP: 8/8
  7154 | D:7      | Reached skill level 1 in Stealth
  7545 | D:5      | Killed Sigmund
  7728 | D:5      | Found Ucziox's Armour Shoppe.
  7809 | D:5      | Found a staircase to the Ecumenical Temple.
  8178 | D:7      | Reached skill level 10 in Maces & Flails
  8362 | D:8      | Found an ornate altar of the Wu Jian Council.
  8433 | D:8      | Reached *** piety under Okawaru
  8438 | D:8      | Found a shimmering blue altar of Sif Muna.
  8549 | D:8      | Noticed Maurice
  8821 | D:8      | Killed Maurice
  9126 | D:8      | Reached XP level 10. HP: 82/86 MP: 9/9
  9394 | D:8      | Found an ornate altar of the Wu Jian Council.
  9491 | D:8      | Found a shimmering blue altar of Sif Muna.
  9651 | D:9      | Reached **** piety under Okawaru
  9658 | D:9      | Reached skill level 11 in Maces & Flails
  9938 | D:9      | Noticed Pikel
  9950 | D:9      | Killed Pikel
 10140 | D:9      | Noticed Erica
 10152 | D:9      | Paralysed by Erica for 2 turns
 10161 | D:9      | Killed Erica
 10592 | D:10     | Entered Level 10 of the Dungeon
 10593 | D:10     | Noticed a two-headed ogre
 10593 | D:10     | Noticed Snorg
 10606 | D:9      | Killed a two-headed ogre
 10606 | D:9      | Reached ***** piety under Okawaru
 10607 | D:9      | Reached skill level 12 in Maces & Flails
 10856 | D:10     | Noticed Erolcha
 10973 | D:10     | Cast into level 2 of the Abyss (Erolcha)
 11000 | Abyss:2  | Noticed a large abomination
 11030 | Abyss:2  | Noticed a smoke demon
 11055 | Abyss:2  | Killed a large abomination
 11203 | Abyss:2  | Noticed a starcursed mass
 11224 | D:10     | Escaped the Abyss
 11274 | D:9      | Received a gift from Okawaru
 11462 | D:9      | Reached XP level 11. HP: 72/95 MP: 10/10
 11581 | D:10     | Reached skill level 5 in Dodging
 11677 | D:10     | Noticed Nergalle
 11683 | D:10     | Killed Nergalle
 11684 | D:10     | Reached skill level 10 in Armour
 12047 | D:10     | Found a runed translucent gate.
 12195 | D:10     | Killed Erolcha
 12304 | D:10     | Killed from afar by an acid dragon

Illustrated notes

Levels and vault maps discovered:
D:1:      dpeg_arrival_rhombi, layout_rooms, chequers_ecumenical_altar_simple
D:2:      layout_loops_corners, uniq_terence
D:3:      layout_loops_ring, minmay_bisected
D:4:      layout_gridville, dk_yredelemnul_ordeal,
          nicolae_kikubaaqudgha_miasma_corner,
          mainiacjoe_overflow_catch_the_wave, hangedman_feature_mirror,
          chequers_garden
D:5:      layout_gridville, minmay_temple_entry_nine_rooms, serial_shops,
          kennysheep_mini, minivault_27, minmay_misc_feat_iff, hex_tiny,
          uniq_sigmund
D:6:      layout_cave_pools, kennysheep_slug_shrine,
          mainiacjoe_overflow_boulevard
D:7:      layout_cave_pools, grunt_ogre_cave
D:8:      layout_rooms, nicolae_overflow_crystal_walls,
          mainiacjoe_overflow_brackets, uniq_maurice
D:9:      layout_loops_cross, uniq_erica, uniq_pikel
D:10:     layout_long_grid, erik_lair_orcish_takeover,
          gammafunk_ghost_necromancy, minmay_fractal_squares_gapless_5,
          uniq_nergalle, uniq_snorg, uniq_erolcha
Temple:   jpeg_temple_clearing

Skill      XL: |  1  2  3  4  5  6  7  8  9 10 11 |
---------------+----------------------------------+-----
Fighting       | 4 5 6 7 8 9 |  9.1
Armour         | 4 5 6 7 8 9 10 | 10.1
Maces & Flails | 3 4 5 7 9 10 12 | 12.8
Shields        | 4 5 6 8 9 |  9.5
Dodging        | 1 2 3 4 5 |  5.4
Stealth        | 2 |  2.7
Invocations    | |  0.3

Action                   |  1- 3 |  4- 6 |  7- 9 | 10-12 || total
-------------------------+-------+-------+-------+-------++-------
Melee: Flail             |    80 |    76 |   218 |   172 ||   546
       Headbutt          |    20 |    23 |    65 |    53 ||   161
Invok: Renounce Religion |     1 |       |       |       ||     1
       Heroism           |       |       |       |     2 ||     2
  Use: Scroll            |       |       |     5 |     3 ||     8
Armor: Scale mail        |    12 |       |    84 |    49 ||   145
       Chain mail        |    13 |    40 |     9 |       ||    62
Dodge: Dodged            |    20 |    24 |    95 |    68 ||   207
Block: Buckler           |    34 |    37 |   122 |    68 ||   261
       Reflection        |     1 |     2 |     3 |       ||     6

Table legend: (Time is in decaauts)
 A = Elapsed time spent in this place.
 B = Non-inter-level travel time spent in this place.
 C = Inter-level travel time spent in this place.
 D = Time resting spent in this place.
 E = Time spent auto-exploring this place.
 F = Levels seen in this place.
 G = Mean time per level.
                   A        B        C        D        E       F      G
               +--------+--------+--------+--------+--------+-----+--------+
         Total |  12322 |  11925 |    397 |   3410 |   5485 |  12 | 1026.8 |
       Dungeon |  12047 |  11650 |    397 |   3286 |   5479 |  10 | 1204.7 |
        Temple |     30 |     30 |      0 |      0 |      6 |   1 |   30.0 |
         Abyss |    244 |    244 |      0 |    124 |      0 |   1 |  244.0 |
               +--------+--------+--------+--------+--------+-----+--------+

Top non-repeatable levels by time:
     D:9: 1825 daAuts
     D:5: 1744 daAuts
     D:4: 1560 daAuts
     D:7: 1368 daAuts
     D:2: 1325 daAuts
     D:8: 1055 daAuts
     D:3: 1031 daAuts
     D:6: 833 daAuts
     D:1: 726 daAuts
    D:10: 578 daAuts
 Abyss:2: 244 daAuts
  Temple: 30 daAuts
